 Dungeon Crawl Stone Soup version 0.22.1-2-g9c5b331383 (webtiles) character file.

60965 Ivernyr the Stormcaller (level 14, -8/66 HPs)
             Began as a Felid Air Elementalist on Nov 20, 2018.
             Was a High Priest of Sif Muna.
             Mangled by an ogre
             ... wielding a +0 giant club
              (15 damage)
             ... while paralysed by an orc sorcerer
             ... on level 1 of the Orcish Mines on Nov 24, 2018.
             The game lasted 06:04:11 (39409 turns).

Ivernyr the Stormcaller (Felid Air Elementalist)   Turns: 39409, Time: 06:04:12

Health: -8/66      AC:  6    Str:  4    XL:     14   Next: 58%
Magic:  35/35      EV:  4    Int: 22    God:    Sif Muna [*****.]
Gold:   1493       SH:  0    Dex: 16    Spells: 5/28 levels left
                                        Lives:  0   Deaths: 4

rFire    . . .     SeeInvis +   (weapon unavailable)
rCold    + . .     Gourm    .   (shield unavailable)
rNeg     . . .     Faith    .   (armour unavailable)
rPois    .         Spirit   .   (helmet unavailable)
rElec    .         Reflect  .   (cloak unavailable)
rCorr    .         Harm     .   (gloves unavailable)
MR       ++...                  (boots unavailable)
Stlth    +++.......             K - amulet of magic regeneration
HPRegen  0.21/turn              d - ring of magical power
MPRegen  0.49/turn              x - +3 ring of protection

@: paralysed, quick
A: very small, no armour, no weapons or thrown items, stealth, claws 1, fangs 3,
see invisible, carnivore, speed 1, shaggy fur 3, slow metabolism 1, sharp paws
a: Divine Energy, Channel Magic, Forget Spell, Renounce Religion


You were on level 1 of the Orcish Mines.
You worshipped Sif Muna.
Sif Muna was extremely pleased with you.
You were completely stuffed.

You visited 4 branches of the dungeon, and saw 23 of its levels.
You also visited: Ice Cave.

You collected 1493 gold pieces.

Inventory:

Jewellery
 d - a ring of magical power (left paw)
 n - an uncursed amulet of regeneration
 x - a +3 ring of protection (right paw)
 F - an uncursed ring of protection from cold
 G - an uncursed ring of protection from fire
 K - an amulet of magic regeneration (around neck)
 L - an uncursed ring of protection from fire
 O - the macabre finger necklace {rN+}
   (You found it on level 11 of the Dungeon)

   [amulet of nothing]

   It protects you from negative energy.
 P - an uncursed ring of wizardry
Wands
 o - a wand of paralysis (33)
 C - a wand of random effects (106)
 D - a wand of flame (15)
 M - a wand of acid (25)
 N - a wand of clouds (12)
 Q - a wand of polymorph (22)
Scrolls
 a - 2 scrolls of amnesia
 e - 23 scrolls of identify
 g - 2 scrolls of magic mapping
 i - 7 scrolls of teleportation
 j - 5 scrolls of immolation {unknown}
 k - 2 scrolls of random uselessness {unknown}
 l - 2 scrolls of noise {unknown}
 m - 4 scrolls of enchant armour {unknown}
 q - 3 scrolls of blinking {unknown}
 s - 10 scrolls of remove curse {unknown}
 y - 4 scrolls of fear {unknown}
 A - 3 scrolls of fog {unknown}
 E - 2 scrolls of enchant weapon {unknown}
 R - a scroll of summoning {unknown}
 T - a scroll of torment {unknown}
Potions
 c - 5 potions of might {unknown}
 f - 6 potions of flight {unknown}
 h - a potion of heal wounds
 p - 5 potions of cancellation {unknown}
 r - 2 potions of berserk rage {unknown}
 t - 3 potions of magic {unknown}
 u - 5 potions of agility {unknown}
 v - 4 potions of mutation {unknown}
 w - 5 potions of curing {unknown}
 z - 2 potions of invisibility {unknown}
 B - 4 potions of brilliance {unknown}
 H - a potion of resistance {unknown}
 I - 3 potions of haste {unknown}
 J - 3 potions of lignification {unknown}
 S - a potion of degeneration {unknown}
Comestibles
 b - 42 rations
 U - 6 chunks of flesh


   Skills:
 - Level 10.0 Fighting
 + Level 10.8 Dodging
 - Level 2.6 Stealth
 + Level 7.5 Spellcasting
 - Level 10.7 Conjurations
 + Level 6.1 Charms
 * Level 15.8 Air Magic
 - Level 10.0 Invocations


You had 5 spell levels left.
You knew the following spells:

 Your Spells              Type           Power        Failure   Level  Hunger
a - Shock                 Conj/Air       ####         1%          1    None
b - Swiftness             Chrm/Air       ######..     1%          2    None
c - Static Discharge      Conj/Air       ######..     1%          3    None
d - Airstrike             Air            ######....   1%          4    ###....
e - Lightning Bolt        Conj/Air       ######....   1%          5    #####..
f - Blink                 Tloc           N/A          12%         2    None
g - Deflect Missiles      Chrm/Air       ######....   13%         6    ######.

Your spell library contained the following spells:

 Spells                   Type           Power        Failure   Level  Hunger
 Magic Dart               Conj           ####         1%          1    None
 Throw Flame              Conj/Fire      ####..       1%          2    None
 Mephitic Cloud           Conj/Pois/Air  #####...     1%          3    None
 Iskenderun's Mystic Bla  Conj           ######..     1%          4    ###....
 Conjure Flame            Conj/Fire      ####....     2%          3    None
 Dazzling Spray           Conj/Hex       ####..       2%          3    None
 Stone Arrow              Conj/Erth      ####..       2%          3    None
 Summon Lightning Spire   Summ/Air       #####...     3%          4    ###....
 Regeneration             Chrm/Necr      ###.......   7%          3    None
 Animate Skeleton         Necr           N/A          8%          1    None
 Apportation              Tloc           #.....       8%          1    None
 Confusing Touch          Hex            #.....       8%          1    None
 Corona                   Hex            #......      8%          1    None
 Pain                     Necr           #...         8%          1    None
 Sandblast                Erth           #.....       8%          1    None
 Summon Small Mammal      Summ           #...         8%          1    None
 Silence                  Hex/Air        #####.....   9%          5    #####..
 Call Imp                 Summ           #.......     12%         2    None
 Corpse Rot               Necr           N/A          12%         2    None
 Ensorcelled Hibernation  Hex/Ice        #.....       12%         2    None
 Passwall                 Tmut/Erth      #.......     12%         2    None
 Slow                     Hex            #.......     12%         2    None
 Sublimation of Blood     Necr           #.........   12%         2    None
 Confuse                  Hex            #.......     24%         3    None
 Gell's Gravitas          Tloc           #.........   24%         3    None
 Tukima's Dance           Hex            #.......     24%         3    None
 Vampiric Draining        Necr           #.........   24%         3    None
 Bolt of Draining         Conj/Necr      ####......   24%         5    #####..
 Fireball                 Conj/Fire      ####......   24%         5    #####..
 Bolt of Magma            Conj/Fire/Erth ###.......   45%         5    #####..
 Animate Dead             Necr           N/A          61%         4    ###....
 Petrify                  Tmut/Erth      #.......     61%         4    ###....
 Summon Ice Beast         Ice/Summ       #.......     61%         4    ###....
 Agony                    Necr           #.......     91%         5    #####..
 Lee's Rapid Deconstruct  Erth           #.........   91%         5    #####..
 Metabolic Englaciation   Hex/Ice        #.........   91%         5    #####..
 Yara's Violent Unravell  Hex/Tmut       #.........   91%         5    #####..
 Conjure Ball Lightning   Conj/Air       ######....   4%          6    ######.
 Freezing Cloud           Conj/Ice/Air   #####.....   32%         6    ######.
 Bolt of Cold             Conj/Ice       ####......   78%         6    ######.
 Simulacrum               Ice/Necr       #.........   100%        6    ######.
 Haunt                    Necr/Summ      #.........   100%        7    #######
 Spellforged Servitor     Conj/Summ      ####......   100%        7    #######
 Necromutation            Tmut/Necr      #.........   100%        8    #######
 Tornado                  Air            ######....   100%        9    #######


Dungeon Overview and Level Annotations

Branches:
Dungeon (15/15)            Temple (1/1) D:6            Lair (6/6) D:8
  Swamp (0/4) Lair:2        Snake (0/4) Lair:2        Slime (0/5) Lair:5
    Orc (1/2) D:9          Vaults (0/5) D:13         Depths (0/5) D:15

Altars:
Ashenzari
Cheibriados
Dithmenos
Elyvilon
Fedhas
Gozag
Hepliaklqana
Kikubaaqudgha
Makhleb
Nemelex Xobeh
Okawaru
Qazlal
Ru
Sif Muna
Trog
Uskayaw
Vehumet
Wu Jian
Xom
Yredelemnul
Zin
The Shining One
Beogh

Shops:
D:5 =

Annotations:
Lair:1 Gastronok


Innate Abilities, Weirdness & Mutations

You cannot wear armour.
You are incapable of wielding weapons or throwing items.
Your paws allow you to move quietly. (Stealth)
You have sharp claws.
You have razor-sharp teeth.
You have supernaturally acute eyesight. (SInv)
You are carnivorous and can eat meat at any time.
You cover ground quickly.
Your thick and shaggy fur keeps you warm. (AC +3, rC+)
You have a slow metabolism.
Your sharp claws are effective at attacking unaware monsters.


Message History

The two-headed ogre closely misses you. The two-headed ogre misses you.
The orc closely misses you.
The orc sorcerer gestures at you while chanting.
You suddenly lose the ability to move!
The warg bites you but does no damage.
The orc warrior throws a tomahawk.
The tomahawk hits you!
The orc knight shouts!
The troll shouts!
The orc shouts!
The orc warrior shouts!
The warg bites you. The orc hits you but does no damage.
The orc knight roars a battlecry!
The orcs go into a battle-frenzy!
An orc warrior comes into view. It is wielding a glaive.
The two-headed ogre hits you with a giant club!!
The two-headed ogre hits you with a giant club!
An orc comes into view. It is wielding a whip of electrocution.
The warg bites you!
* * * LOW HITPOINT WARNING * * *
The orc hits you.
* * * LOW HITPOINT WARNING * * *
The ogre hits you with a giant club!
You die...

.............o
............o .
.........o.o ..
.....o.T...
#..##..o..oo..#
.......oo....$.
......o.O......
......o@h......
......O...##...
.............
..........$...#
.....>.......##
...........o##
.............
#.....#.......


You could see an orc knight, a two-headed ogre, a troll, a warg, an orc
sorcerer, 3 orc warriors, an ogre and 8 orcs.

Vanquished Creatures
  Nessos (Lair:5)
  Josephine (D:12)
  A fire dragon (Lair:6)
  An ettin (D:15)
  3 hydras
  A rakshasa (D:15)
  5 centaur warriors
  A catoblepas (Lair:6)
  2 dancing weapons
  An ogre mage (D:15)
  7 two-headed ogres
  Nergalle (Lair:2)
  A wizard (D:14)
  An unseen horror (D:15)
  A lindwurm (Lair:6)
  A glowing orange brain (shapeshifter) (D:15)
  A necromancer (IceCv)
  An ugly thing (D:11)
  A wolf spider zombie (D:13)
  3 oklob plants
  4 cyclopes
  2 manticores (D:14)
  5 black mambas
  22 elephants
  3 ice statues (IceCv)
  Psyche (D:9)
  2 gargoyles
  2 molten gargoyles
  10 spiny frogs
  A kobold demonologist (D:14)
  5 rime drakes
  4 komodo dragons
  2 queen bees
  7 trolls
  7 ice devils (IceCv)
  A polar bear (Lair:4)
  3 meliai (D:14)
  Prince Ribbit (D:8)
  A hornet (Lair:3)
  14 dream sheep
  A tyrant leech (Lair:2)
  22 blink frogs
  9 slime creatures
  14 hippogriffs
  2 shadows
  13 wyverns
  54 yaks
  9 wraiths
  Eustachio (D:6)
  2 steam dragons
  9 basilisks
  2 hungry ghosts
  3 vampire mosquitoes (D:12)
  4 nagas (Lair:2)
  A swamp worm (Lair:2)
  3 acid dragons
  2 soldier ants
  4 hell hounds (Lair:6)
  11 water moccasins
  3 sky beasts
  4 porcupines
  6 orc warriors
  2 phantoms
  4 ice beasts
  2 necrophages
  3 black bears
  10 ogres
  14 wolves
  13 crocodiles
  16 centaurs
  4 boggarts (Lair:5)
  4 big kobolds
  15 bullfrogs
  A wyvern zombie (D:13)
  A gnoll sergeant (D:13)
  8 scorpions
  A water moccasin skeleton (D:8)
  62 killer bees
  12 wights
  3 howler monkeys
  An electric eel (Lair:6)
  A centaur zombie (D:6)
  4 crimson imps
  5 lava snakes (Lair:6)
  A bullfrog zombie (D:12)
  6 hounds
  18 jellies
  A quasit (D:8)
  4 draconian simulacra (IceCv)
  6 centaur skeletons
  10 orc priests
  A bullfrog skeleton (D:12)
  19 orc wizards
  7 iguanas
  A hell rat (Lair:3)
  3 troll simulacra (IceCv)
  9 worker ants
  2 centaur simulacra
  A hound zombie (D:11)
  A worker ant zombie (D:9)
  4 gnolls (D:13)
  A river rat (Lair:3)
  16 adders
  2 ogre simulacra (IceCv)
  4 shadow imps
  4 oozes
  An adder zombie (D:5)
  4 worms
  4 dart slugs
  4 leopard geckos
  61 orcs
  A ball python (D:6)
  7 bats
  4 giant cockroaches
  5 goblins
  8 hobgoblins
  5 jackals
  6 quokkas
  4 frilled lizards
  2 jackal skeletons (D:5)
  20 kobolds
  A leopard gecko zombie (D:6)
  7 rats
  2 bushes (Lair:3)
  A fungus (Lair:5)
  A plant (Lair:3)
766 creatures vanquished.

Vanquished Creatures (others)
  26 bushes
  16 fungi
  77 plants
119 creatures vanquished.

Grand Total: 885 creatures vanquished

Notes
Turn   | Place    | Note
-------+----------+-------------------------------------------
     0 | D:1      | Ivernyr the Felid Air Elementalist began the quest for the
                  | Orb.
     0 | D:1      | Reached XP level 1. HP: 7/7 MP: 4/4
    59 | D:1      | Reached skill level 1 in Conjurations
   251 | D:1      | Reached XP level 2. HP: 11/11 MP: 4/6
   254 | D:1      | Reached skill level 3 in Air Magic
   658 | D:1      | Learned a level 2 spell: Swiftness
  1199 | D:2      | Reached XP level 3. HP: 14/14 MP: 7/7
  1662 | D:2      | You fall through a shaft!
  1917 | D:3      | Reached XP level 4. HP: 18/18 MP: 8/8
  2130 | D:3      | Learned a level 3 spell: Static Discharge
  3255 | D:3      | Found a glowing golden altar of the Shining One.
  3498 | D:4      | Reached XP level 5. HP: 21/21 MP: 10/10
  3549 | D:4      | Reached skill level 4 in Air Magic
  3638 | D:3      | Gained mutation: You are covered in thick fur. (AC +2)
                  | [Felid growth]
  3638 | D:3      | Reached XP level 6. HP: 3/24 MP: 1/11
  4187 | D:3      | Reached skill level 5 in Dodging
  4187 | D:3      | Reached skill level 5 in Air Magic
  4218 | D:4      | Reached XP level 7. HP: 14/27 MP: 13/13
  4509 | D:4      | Found an iron altar of Okawaru.
  5007 | D:5      | Entered Level 5 of the Dungeon
  5013 | D:5      | Learned a level 4 spell: Airstrike
  5288 | D:5      | Reached skill level 6 in Air Magic
  5288 | D:5      | Reached XP level 8. HP: 16/31 MP: 11/15
  5523 | D:5      | Found Tuef's Jewellery Shoppe.
  5975 | D:5      | Found a bloodstained altar of Trog.
  6280 | D:6      | Noticed Eustachio
  6298 | D:6      | Killed Eustachio
  6776 | D:6      | Found a staircase to the Ecumenical Temple.
  6800 | Temple   | Entered the Ecumenical Temple
  6827 | Temple   | Became a worshipper of Sif Muna the Loreminder
  7700 | D:7      | Reached skill level 7 in Air Magic
  7763 | D:7      | Demolished by an orc warrior
  7764 | D:7      | Reached XP level 7. HP: -16/27 MP: 12/24
  7770 | D:7      | Noticed a hungry ghost
  7797 | D:7      | Reached skill level 5 in Spellcasting
  7833 | D:7      | Killed a hungry ghost
  7833 | D:7      | Reached XP level 8. HP: 28/31 MP: 5/16
  8218 | D:7      | Reached skill level 5 in Conjurations
  8240 | D:7      | Reached * piety under Sif Muna
  8240 | D:7      | Reached skill level 1 in Invocations
  8286 | D:7      | Found an ornate altar of the Wu Jian Council.
  8623 | D:7      | Reached skill level 8 in Air Magic
  8907 | D:7      | Reached XP level 9. HP: 34/34 MP: 17/17
  9008 | D:7      | Found a basalt altar of Yredelemnul.
  9599 | D:8      | Found a staircase to the Lair.
  9774 | D:8      | Got a sparkling bronze ring
  9776 | D:8      | Identified the ring "Likubrig" {+Inv rPois rC+ Dex-4} (You
                  | found it on level 8 of the Dungeon)
  9833 | D:8      | Found a radiant altar of Vehumet.
 10268 | D:9      | Noticed a two-headed ogre
 10294 | D:9      | Noticed Prince Ribbit
 10645 | D:8      | Found a radiant altar of Vehumet.
 10812 | D:8      | Found a staircase to the Lair.
 11071 | D:8      | Killed Prince Ribbit
 11071 | D:8      | Reached ** piety under Sif Muna
 11568 | D:8      | Reached skill level 9 in Air Magic
 11958 | D:9      | Slain by a two-headed ogre
 11959 | D:9      | Reached XP level 8. HP: -4/31 MP: 9/25
 12042 | D:9      | Killed a hippogriff
 12042 | D:9      | Reached XP level 9. HP: 34/34 MP: 15/17
 12357 | D:9      | Killed a two-headed ogre
 12740 | D:9      | Found a staircase to the Orcish Mines.
 12753 | D:9      | Found a roughly hewn altar of Beogh.
 12938 | D:9      | Noticed Psyche
 12975 | D:9      | Killed Psyche
 12975 | D:9      | Reached skill level 10 in Dodging
 13038 | D:9      | Found a burning altar of Makhleb.
 13041 | D:9      | Found an ancient bone altar of Kikubaaqudgha.
 13049 | D:9      | Found a stormy altar of Qazlal.
 13071 | D:9      | Reached skill level 10 in Air Magic
 13071 | D:9      | Reached XP level 10. HP: 37/37 MP: 18/18
 13243 | D:10     | Entered Level 10 of the Dungeon
 13267 | D:10     | Noticed a gargoyle
 13282 | D:10     | Killed a gargoyle
 13282 | D:10     | Reached *** piety under Sif Muna
 13282 | D:10     | Reached skill level 5 in Invocations
 13861 | D:10     | Learned a level 5 spell: Lightning Bolt
 14933 | Lair:1   | Entered Level 1 of the Lair of Beasts
 15162 | Lair:1   | Noticed a spiny frog
 15175 | Lair:1   | Killed a spiny frog
 15822 | Lair:1   | Noticed Gastronok
 16079 | Lair:2   | Reached XP level 11. HP: 37/41 MP: 0/19
 16270 | Lair:2   | Found a staircase to the Snake Pit.
 16302 | Lair:2   | Found a staircase to the Swamp.
 16308 | Lair:2   | Reached skill level 1 in Fighting
 16542 | Lair:2   | Noticed Nergalle
 16646 | Lair:2   | Reached skill level 11 in Air Magic
 17025 | Lair:2   | Killed Nergalle
 17552 | Lair:3   | Reached **** piety under Sif Muna
 19317 | Lair:3   | Reached skill level 12 in Air Magic
 19322 | Lair:3   | Gained mutation: Your thick and shaggy fur keeps you warm.
                  | (AC +3, rC+) [Felid growth]
 19322 | Lair:3   | Reached XP level 12. HP: 49/49 MP: 11/20
 20480 | Lair:4   | Reached ***** piety under Sif Muna
 20484 | Lair:4   | Reached skill level 5 in Fighting
 20970 | Lair:4   | Learned a level 2 spell: Blink
 21565 | Lair:4   | Found the +8 whip "Snakebite" {curare, rPois}
 21773 | Lair:4   | Identified Sif Muna's Handbook of Lethal Bewitchment (Sif
                  | Muna gifted it to you on level 4 of the Lair of Beasts)
 21773 | Lair:4   | Received a gift from Sif Muna
 21940 | Lair:5   | Reached skill level 13 in Air Magic
 22439 | Lair:5   | Reached XP level 13. HP: 55/55 MP: 19/21
 23013 | Lair:5   | Noticed Nessos
 23022 | Lair:5   | Killed Nessos
 23247 | Lair:5   | Found a staircase to the Slime Pits.
 23574 | Lair:6   | Entered Level 6 of the Lair of Beasts
 23723 | Lair:6   | Slain by a catoblepas
 23724 | Lair:6   | Reached XP level 12. HP: -2/53 MP: 1/29
 24334 | Lair:6   | Reached skill level 10 in Conjurations
 24370 | Lair:6   | Noticed an eight-headed hydra
 24398 | Lair:6   | Killed a catoblepas
 24830 | Lair:6   | Killed an eight-headed hydra
 24830 | Lair:6   | Identified Turrat's Grimoire of the Unholy Volcanoes (Sif
                  | Muna gifted it to you on level 6 of the Lair of Beasts)
 24830 | Lair:6   | Received a gift from Sif Muna
 25348 | Lair:6   | Annihilated by a yak
 25349 | Lair:6   | Reached XP level 11. HP: -24/50 MP: 28/28
 25376 | Lair:6   | Reached skill level 14 in Air Magic
 25376 | Lair:6   | Reached XP level 12. HP: 40/54 MP: 11/20
 27621 | Lair:5   | Reached skill level 10 in Invocations
 28098 | Lair:6   | Found a large runed door.
 28446 | Lair:6   | Found a large runed door.
 28509 | Lair:6   | Noticed a fire dragon
 28558 | Lair:6   | Killed a fire dragon
 29424 | D:10     | Reached XP level 13. HP: 25/59 MP: 6/22
 30446 | D:11     | Received a gift from Sif Muna
 30698 | D:11     | Found the macabre finger necklace {rN+}
 31083 | D:12     | Reached skill level 1 in Charms
 31092 | D:12     | Learned a level 6 spell: Deflect Missiles
 31205 | D:12     | Found a shimmering altar of Xom.
 31205 | D:12     | Found a shimmering altar of Xom.
 31402 | D:12     | Found a shimmering altar of Xom.
 31402 | D:12     | Found a shimmering altar of Xom.
 31403 | D:12     | Found a shimmering altar of Xom.
 31403 | D:12     | Found a shimmering altar of Xom.
 32453 | D:12     | Noticed Josephine
 32808 | D:12     | Killed Josephine
 32808 | D:12     | Reached skill level 15 in Air Magic
 34179 | D:13     | Found a gate to the Vaults.
 35261 | D:14     | Found a frozen archway.
 35280 | IceCv    | Entered an ice cave
 35373 | IceCv    | Identified Sif Muna's Catalogue of the Sinister Entourage
                  | (Sif Muna gifted it to you in an ice cave)
 35373 | IceCv    | Received a gift from Sif Muna
 35610 | IceCv    | Reached XP level 14. HP: 52/64 MP: 3/25
 36769 | D:14     | Reached skill level 5 in Charms
 37435 | D:15     | Entered Level 15 of the Dungeon
 38306 | D:15     | Found a staircase to the Depths.
 38792 | D:15     | Reached skill level 10 in Fighting
 39328 | Orc:1    | Entered Level 1 of the Orcish Mines
 39407 | Orc:1    | Paralysed by an orc sorcerer for 3 turns
 39409 | Orc:1    | Mangled by an ogre

Skill      XL: |  1  2  3  4  5  6  7  8  9 10 11 12 13 14 |
---------------+-------------------------------------------+-----
Conjurations   | 1 2 3 5 6 7 8 10 | 10.7
Air Magic      | 3 4 5 6 8 10 14 13 15 | 15.8
Dodging        | 3 4 5 6 8 10 | 10.8
Spellcasting   | 3 5 6 7 |  7.5
Invocations    | 2 4 5 7 10 9 | 10.0
Fighting       | 4 8 9 10 | 10.0
Charms         | 4 6 |  6.1
Stealth        | |  2.6

Action                   |  1- 3 |  4- 6 |  7- 9 | 10-12 | 13-15 || total
-------------------------+-------+-------+-------+-------+-------++-------
Melee: Unarmed           |    11 |       |     6 |    11 |    18 ||    46
       Bite              |       |       |       |     1 |       ||     1
 Cast: Shock             |    72 |   146 |   429 |   601 |   409 ||  1657
       Static Discharge  |       |     6 |    53 |   145 |    63 ||   267
       Airstrike         |       |       |    15 |   233 |   214 ||   462
       Lightning Bolt    |       |       |       |   140 |   170 ||   310
       Swiftness         |       |       |       |     6 |     2 ||     8
       Blink             |       |       |       |     8 |     2 ||    10
Invok: Channel Magic     |       |       |       |     2 |     1 ||     3
       Divine Energy     |       |       |       |     1 |       ||     1
       Stop Divine Energ |       |       |       |       |     1 ||     1
  Use: Scroll            |       |       |     1 |     7 |     5 ||    13
       Potion            |       |       |       |     2 |       ||     2
  Eat: Chunk             |     6 |     9 |    32 |   102 |    82 ||   231
       Ration            |       |       |       |     2 |     4 ||     6
Armor: Skin              |     1 |     1 |     7 |    36 |    25 ||    70
Dodge: Dodged            |    16 |    49 |   131 |   422 |   303 ||   921
